 Dungeon Crawl Stone Soup version 0.16.1-28-gcc2312f (webtiles) character file.

3320 TheBrotherhood the Basher (level 9, -1/74 HPs)
             Began as a Demigod Fighter on May 27, 2015.
             Slain by an orc warrior
             ... wielding a +0 trident
              (15 damage)
             ... on level 9 of the Dungeon.
             The game lasted 00:16:24 (6962 turns).

TheBrotherhood the Basher (Demigod Fighter)         Turns: 6962, Time: 00:16:25

Health: -1/74      AC: 15    Str: 27    XL:     9   Next: 43%
Magic:  15/15      EV:  8    Int: 16    God:
Gold:   382        SH: 12    Dex: 19    Spells: 0 memorised, 8 levels left

rFire  + . .     SeeInvis +     n - +1 flail (protect)
rCold  + . .     Clarity  +     C - +3 leather armour "Raolorgh" {+Blink +Fly Str+8 Int-2 SInv}
rNeg   . . .     SustAb   +     l - +2 shield
rPois  +         Gourm    .     (no helmet)
rElec  +         Spirit   .     H - +0 cloak (curse)
rCorr  +         Warding  .     A - +0 pair of gloves
rMut   .         Stasis   .     o - +0 pair of boots
MR     .....                    E - amulet of clarity {Clar, !d}
Stlth  +.........               q - +4 ring of intelligence
                                L - ring of poison resistance {rPois, !d}

@: resistant, not resistant to hostile enchantments, very unstealthy
A: sustain abilities
a: Evoke Blink, Evoke Flight


You were on level 9 of the Dungeon.
You were not hungry.

You visited 1 branch of the dungeon, and saw 9 of its levels.

You collected 382 gold pieces.

Inventory:

Hand weapons
 a - a +3 flail
 g - a +0 whip
   (You found it on level 1 of the Dungeon)
 n - a +1 flail of protection (weapon)
   (You took it off an orc on level 4 of the Dungeon)
 r - a cursed -2 quarterstaff
   (You found it on level 2 of the Dungeon)
 N - a +3 hand crossbow
   (You found it on level 9 of the Dungeon)
 V - a +0 blowgun
   (You took it off a kobold on level 8 of the Dungeon)
Missiles
 j - 5 tomahawks (quivered)
 p - 6 bolts
 y - 4 javelins
 I - 2 throwing nets {=f, !d}
 W - 20 poisoned needles
Armour
 b - a +0 scale mail
 c - a cursed +0 shield
 l - a +2 shield (worn)
   (You found it on level 4 of the Dungeon)
 o - a +0 pair of boots (worn)
   (You found it on level 1 of the Dungeon)
 A - a +0 pair of gloves (worn)
   (You found it on level 4 of the Dungeon)
 B - a +0 plate armour
   (You found it on level 4 of the Dungeon)
 C - the +3 leather armour "Raolorgh" (worn) {+Blink +Fly Str+8 Int-2 SInv}
   (You found it on level 5 of the Dungeon)

   It affects your strength (+8).
   It affects your intelligence (-2).
   It enhances your eyesight.
   It lets you fly.
   It lets you blink.
 G - a +1 ring mail of cold resistance
   (You found it on level 7 of the Dungeon)
 H - a cursed +0 cloak (worn)
   (You found it on level 6 of the Dungeon)
Jewellery
 m - an uncursed ring of invisibility {+Inv, !d}
   (You found it on level 3 of the Dungeon)
 q - a +4 ring of intelligence (right hand)
   (You found it on level 6 of the Dungeon)
 t - an uncursed ring of wizardry {Wiz+, !d}
   (You found it on level 3 of the Dungeon)
 E - an amulet of clarity (around neck) {Clar, !d}
   (You found it on level 5 of the Dungeon)
 F - an uncursed ring of teleportation {+/*tele, !d}
   (You found it on level 5 of the Dungeon)
 L - a ring of poison resistance (left hand) {rPois, !d}
   (You found it on level 7 of the Dungeon)
 S - an uncursed amulet of resist corrosion {rCorr, !d}
   (You took it off a kobold on level 8 of the Dungeon)
Magical devices
 v - a wand of cold (0)
   (You found it on level 5 of the Dungeon)
 O - a wand of teleportation (2)
   (You found it on level 8 of the Dungeon)
Scrolls
 x - a scroll of amnesia
 D - 5 scrolls of identify
 J - 3 scrolls of remove curse
 K - a scroll of random uselessness
 M - a scroll of magic mapping {!r}
 P - a scroll of enchant armour {unknown}
 R - a scroll of recharging
 T - a scroll of blinking {unknown}
Potions
 e - a potion of might
 f - 4 potions of curing
 h - a potion of agility
 k - 3 potions of brilliance
 w - a potion of haste
Comestibles
 d - 6 bread rations {@e1}
 i - 2 meat rations {@e2}
 s - 7 beef jerkies
 z - 6 fruits
 Q - a slice of pizza


   Skills:
 + Level 5.2 Fighting
 + Level 10.9 Maces & Flails
 + Level 5.2 Armour
 - Level 2.6 Shields


You had 8 spell levels left.
You didn't know any spells.

Dungeon Overview and Level Annotations

Branches:
Dungeon (9/15)             Temple (0/1) D:7
   Lair: D:8-11         Orc: D:9-12

Annotations:
D:8 exclusion: Blork the orc, Blork the orc


Innate Abilities, Weirdness & Mutations

Your attributes are resistant to harm.


Message History

You hit the orc priest. You sock the orc priest!
You kill the orc priest!
You block the orc priest's attack.
You hit the orc priest. You sock the orc priest!
You block the orc priest's attack.
You sock the orc priest!
You kill the orc priest!
Things that are here:
a club; an orc corpse The wandering mushroom closely misses you.
You hit the wandering mushroom but do no damage.
The wandering mushroom releases spores at you!
You are engulfed in a cloud of spores!
You take 7 damage, and have 45/74 hp.
You hit the wandering mushroom but do no damage.
The wandering mushroom barely misses you.
You hit the wandering mushroom.
The wandering mushroom releases spores at you!
You are engulfed in a cloud of spores!
You take 7 damage, and have 39/74 hp.
You hit the wandering mushroom but do no damage.
The electric eel shoots out a bolt of lightning at you!
The bolt of electricity hits you!
The wandering mushroom releases spores at you.
You are engulfed in a cloud of spores!
You feel momentarily confused.
You sock the wandering mushroom!
You block the wandering mushroom's attack.
The electric eel shoots out a bolt of lightning at you!
The bolt of electricity hits you!
You take 16 damage, and have 23/74 hp.
MASSIVE DAMAGE!!
Unknown command.
Unknown command.
Unknown command.
Drink which item? (? for menu, Esc to quit)
Okay, then.
The electric eel shoots out a bolt of lightning at you!
The bolt of electricity hits you!
* * * LOW HITPOINT WARNING * * *
You take 4 damage, and have 19/74 hp.
Unknown command.
Drink which item? (? for menu, Esc to quit)
You feel protected.
The electric eel shoots out a bolt of lightning at you!
The bolt of electricity hits you! You resist.
* * * LOW HITPOINT WARNING * * *
You take 1 damage, and have 18/74 hp.
Unknown command.
You are too injured to fight recklessly!
The electric eel shoots out a bolt of lightning at you!
The bolt of electricity misses you.
Unknown command.
Unknown command.
Unknown command.
The electric eel shoots out a bolt of lightning at you!
The bolt of electricity hits you! You resist.
* * * LOW HITPOINT WARNING * * *
The bolt of electricity hits you! You resist.
* * * LOW HITPOINT WARNING * * *
You take 3 damage, and have 15/74 hp.
The electric eel shoots out a bolt of lightning at you!
The bolt of electricity hits the fungus.
The bolt of electricity hits you! You resist.
* * * LOW HITPOINT WARNING * * *
You take 1 damage, and have 14/74 hp.
Unknown command.
Drink which item? (? for menu, Esc to quit)
Okay, then.
Read which item? (? for menu, Esc to quit)
Okay, then.
Aim: an electric eel The bolt of cold hits the fungus.
The bolt of cold hits the electric eel.
You kill the electric eel!
Evoking this partially-identified wand wasted a few charges.
Unknown command.
Unknown command.
Unknown command.
Unknown command.
A wandering mushroom comes into view.
You open the door.
There is an open door here.
An orc priest comes into view. It is wielding a mace of crushing.
An orc warrior comes into view. It is wielding a trident.
The orc warrior shouts!
The orc priest shouts!
An orc wizard comes into view. It is wielding a dagger.
Unknown command.
The orc wizard shouts!
The orc priest hits you but does no damage.
The orc wizard's eyes start to glow.
You are too injured to fight recklessly!
You closely miss the orc priest.
The orc warrior hits you from afar with a trident.
* * * LOW HITPOINT WARNING * * *
You block the orc priest's attack.
You take 3 damage, and have 14/74 hp.
Unknown command.
You sock the orc priest!
The orc warrior hits you from afar with a trident!
You die...

####.#....###.........#
#...#.#.# ##.......##
#.......# ##.....##
#...##..# ##...##
##.<....# ##'##
#####.## #.# # #.#
.########.##
......o.@..#
.###.##o....# .o......#
###.#.##.... #.### ####
#. .. ##


You could see an orc warrior, an orc priest and an orc wizard.

Vanquished Creatures
  The ghost of SaintRoka the Basher, an experienced TeFi of Okawaru (D:8)
  Maurice (D:8)
  The ghost of Turgon the Sneak, an average OpTm of Ashenzari (D:7)
  Menkaure (D:7)
  A phantom (D:8)
  2 ice beasts
  2 sky beasts
  An ogre (D:7)
  A wasp (D:8)
  A centaur (D:8)
  A giant frog (D:7)
  2 big kobolds
  2 scorpions (D:8)
  An electric eel (D:9)
  5 crimson imps
  A goliath beetle (D:6)
  A jelly (D:6)
  A wasp zombie (D:8)
  A giant frog zombie (D:8)
  A giant frog skeleton (D:5)
  5 orc priests
  4 hounds
  8 orc wizards
  An iguana (D:8)
  2 worker ants
  A worker ant zombie (D:7)
  11 adders
  2 giant mites (D:6)
  4 shadow imps
  6 worms
  An adder zombie (D:5)
  4 giant geckos
  3 oozes
  28 orcs
  10 bats
  2 bat skeletons (D:5)
  14 goblins
  8 hobgoblins
  11 jackals
  9 giant cockroaches
  A giant gecko skeleton (D:6)
  5 giant newts
  A jackal skeleton (D:4)
  16 kobolds
  4 quokkas
  12 rats
201 creatures vanquished.

Notes
Turn   | Place    | Note
--------------------------------------------------------------
     0 | D:1      | TheBrotherhood, the Demigod Fighter, began the quest for the Orb.
     0 | D:1      | Reached XP level 1. HP: 18/18 MP: 2/2
   144 | D:1      | Reached skill level 2 in Maces & Flails
   427 | D:1      | Reached XP level 2. HP: 23/25 MP: 3/3
   702 | D:1      | Found a sparkling altar of Nemelex Xobeh.
   999 | D:1      | Reached skill level 3 in Maces & Flails
  1094 | D:1      | Reached XP level 3. HP: 19/30 MP: 5/5
  1810 | D:2      | Reached skill level 4 in Maces & Flails
  1850 | D:2      | Found a white marble altar of Elyvilon.
  2115 | D:3      | Reached XP level 4. HP: 34/37 MP: 7/7
  2347 | D:3      | Noticed a sky beast
  2356 | D:3      | Killed a sky beast
  2356 | D:3      | Reached skill level 5 in Maces & Flails
  2356 | D:3      | Reached XP level 5. HP: 26/42 MP: 8/8
  3344 | D:4      | Reached skill level 6 in Maces & Flails
  3351 | D:4      | Reached XP level 6. HP: 50/50 MP: 10/10
  3430 | D:4      | Noticed a troll
  3473 | D:5      | Entered Level 5 of the Dungeon
  3501 | D:5      | Got a brightly glowing leather armour
  3510 | D:5      | Found an iron altar of Okawaru.
  3512 | D:5      | Found a shimmering altar of Xom.
  3514 | D:5      | Found a shadowy altar of Dithmenos.
  3531 | D:5      | Identified the +3 leather armour "Raolorgh" {+Blink +Fly Str+8 Int-2 SInv} (You found it on level 5 of the Dungeon)
  3870 | D:5      | Found a sacrificial altar of Ru.
  3912 | D:5      | Reached skill level 7 in Maces & Flails
  3934 | D:5      | Found a stormy altar of Qazlal.
  4285 | D:6      | Reached XP level 7. HP: 54/56 MP: 12/12
  4501 | D:7      | Reached skill level 8 in Maces & Flails
  4521 | D:7      | Noticed Turgon's ghost (average OpTm)
  4951 | D:7      | Killed Turgon's ghost
  4951 | D:7      | Reached skill level 9 in Maces & Flails
  4951 | D:7      | Reached XP level 8. HP: 60/62 MP: 13/13
  5026 | D:7      | Found a staircase to the Ecumenical Temple.
  5293 | D:7      | Noticed Menkaure
  5305 | D:7      | Killed Menkaure
  5305 | D:7      | Reached skill level 10 in Maces & Flails
  5513 | D:8      | Noticed Blork the orc
  5595 | D:8      | Found an opulent altar of Gozag.
  5710 | D:8      | Noticed Maurice
  5798 | D:8      | Reached skill level 3 in Fighting
  5798 | D:8      | Reached skill level 3 in Armour
  5905 | D:8      | Noticed SaintRoka's ghost (experienced TeFi)
  5971 | D:8      | Killed SaintRoka's ghost
  5973 | D:8      | Reached skill level 4 in Fighting
  6190 | D:8      | Killed Maurice
  6190 | D:8      | Reached skill level 4 in Armour
  6190 | D:8      | Reached XP level 9. HP: 70/72 MP: 15/15
  6507 | D:8      | Reached skill level 5 in Fighting
  6507 | D:8      | Reached skill level 5 in Armour
  6939 | D:9      | HP: 18/74 [electric eel/bolt of electricity (2)]
  6961 | D:9      | HP: 14/74 [orc warrior/trident (4)]
  6962 | D:9      | Slain by an orc warrior

Action                   |  1- 3 |  4- 6 |  7- 9 || total
-------------------------+-------+-------+-------++-------
Melee: Flail             |   154 |   187 |   400 ||   741
Throw: Tomahawk          |       |     1 |       ||     1
Evoke: Wand              |       |       |     3 ||     3
  Use: Scroll            |     6 |    11 |     2 ||    19
       Potion            |       |     1 |     3 ||     4
  Eat: Chunk             |     4 |     6 |     2 ||    12
       Bread ration      |       |     1 |     1 ||     2

Vault maps used:
D:1:      nagdon_arrival_double_spiral, nemelex_altar_shiori
D:2:      overflow_temple_1_default, kennysheep_generic_room_9
D:5:      nicolae_ru_sacrificial_ziggurat, grunt_qazlal_clouds,
          grunt_temple_overflow_open, first_bread, grunt_decor_fettered,
          minmay_crystal_water
D:6:      kennysheep_generic_room_7
D:7:      minmay_temple_entry_mist, grunt_ogre_cave, uniq_menkaure
D:8:      lemuel_crystal_altar, hangedman_abyss_or_decor_stabs, uniq_maurice,
          uniq_blork_the_orc
D:9:      basic_altar, fungi_pond_lemuel, nrook_mini_vaults

Table legend:
 A = Turns spent in this place as a percentage of turns spent in the entire game.
 B = Non-inter-level travel turns spent in this place as a percentage of non-inter-level travel turns spent in the entire game.
 C = Inter-level travel turns spent in this place as a percentage of turns spent in this place.
 D = Turns resting spent in this place as a percentage of non-inter-level travel turns spent in this place.
 E = Turns spent auto-exploring this place as a percentage of non-inter-level travel turns spent in this place.
 F = Non-inter-level travel turns spent in this place divided by the number of levels of this place that you've seen.
                   A       B       C       D       E      F
               +-------+-------+-------+-------+-------+----------------------
         Total | 100.0 | 100.0 |   0.5 |   1.6 |   6.8 | 329.1
       Dungeon | 100.0 | 100.0 |   0.5 |   1.6 |   6.8 | 329.1
               +-------+-------+-------+-------+-------+----------------------

Table legend:
 A = Kills in this place as a percentage of kills in entire the game.
 B = Kills by you in this place as a percentage of kills by you in the entire game.
 C = Kills by friends in this place as a percentage of kills by friends in the entire game.
 D = Other kills in this place as a percentage of other kills in the entire game.
 E = Experience gained in this place as a percentage of experience gained in the entire game.
 F = Experience gained in this place divided by the number of levels of this place that you have seen.
                   A       B       C       D       E      F
               +-------+-------+-------+-------+-------+----------------------
         Total | 100.0 | 100.0 |  -nan |  -nan | 100.0 | 527.0
       Dungeon | 100.0 | 100.0 |  -nan |  -nan | 100.0 | 527.0
               +-------+-------+-------+-------+-------+----------------------
